 Dungeon Crawl Stone Soup version 0.30.1 (webtiles) character file.

Game seed: 10154887238047816081

106917 diecastcamel the Spry (level 17, -1/119 HPs)
             Began as a Djinni Conjurer on July 10, 2023.
             Was the Champion of Makhleb.
             Killed from afar by an eleionoma (39 damage)
             ... with a spray of wooden splinters
             ... on level 2 of the Swamp on July 12, 2023.
             The game lasted 03:22:19 (23982 turns).

diecastcamel the Spry (Djinni Conjurer)            Turns: 23982, Time: 03:22:19

Health: -1/119     AC: 11    Str:  8    XL:     17   Next: 0%
Gold:   651        EV: 19    Int: 27    God:    Makhleb [******] SH: 16 Dex: 11

rFire   + + +        R - +5 double sword (holy)
rCold   . . .        d - +1 kite shield {rC+}
rNeg    . . .        A - +0 acid dragon scales
rPois   ∞            J - +2 helmet
rElec   +            e - +0 cloak
rCorr   +            v - +2 pair of gloves
SInv    .            (boots unavailable)
Will    +....        O - amulet of reflection
Stlth   +            U - ring "Hudwakhaf" {Fly rElec rF+}
HPRegen 0.39/turn    B - +5 ring of evasion
MPRegen 0.00/turn

%: reflection, infuse magic (-2 HP)
@: about to teleport, corroded, flying, slightly contaminated
A: sickness immunity, fire resistance 2, cold vulnerability 1, float, innate
caster, HP casting, extra vitality 1
a: Renounce Religion, Minor Destruction, Lesser Servant of Makhleb, Major
Destruction, Greater Servant of Makhleb


You were on level 2 of the Swamp.
You worshipped Makhleb.
Makhleb was exalted by your worship.
You visited 5 branches of the dungeon, and saw 22 of its levels.

You collected 1625 gold pieces.
You spent 974 gold pieces at shops.

Inventory:

Hand Weapons
 D - a +3 scimitar of flaming
 R - a +5 double sword of holy wrath (weapon)
 X - the +8 arc blade {discharge, rElec}
   (You took it off Nikola on level 3 of the Snake Pit)

   rElec:     It insulates you from electricity.
Missiles
 k - 11 poisoned darts
Armour
 a - a +0 troll leather armour
 d - a +1 kite shield of cold resistance (worn)
 e - a +0 cloak (worn)
 r - a +0 buckler
 v - a +2 pair of gloves (worn)
 A - +0 acid dragon scales (worn)
 G - a +2 robe of fire resistance
 H - a +1 robe of positive energy
 J - a +2 helmet (worn)
Jewellery
 B - a +5 ring of evasion (right hand)
 I - a ring of protection from cold
 O - an amulet of reflection (around neck)
 U - the ring "Hudwakhaf" (left hand) {Fly rElec rF+}
   (You bought it in a shop on level 10 of the Dungeon)

   [ring of flight]

   rF:        It protects you from fire.
   rElec:     It insulates you from electricity.
   Fly:       It grants you flight.
Wands
 s - a wand of paralysis (24)
 F - a wand of acid (7)
 K - a wand of iceblast (9)
 L - a wand of flame (16)
 S - a wand of polymorph (15)
 V - a wand of mindburst (7)
Scrolls
 b - 5 scrolls of magic mapping
 c - a scroll of summoning
 g - 5 scrolls of enchant weapon
 h - 3 scrolls of teleportation
 m - a scroll of brand weapon
 x - 3 scrolls of silence
 y - 6 scrolls of vulnerability
 E - a scroll of fog
 M - 3 scrolls of poison
 P - a scroll of immolation
 Q - 2 scrolls of fear
 Y - 2 scrolls of torment
Potions
 i - 6 potions of haste
 j - 3 potions of berserk rage
 l - 2 potions of mutation {unknown}
 n - 2 potions of heal wounds
 o - 4 potions of might
 p - 4 potions of invisibility {unknown}
 t - 10 potions of curing
 u - 4 potions of brilliance {unknown}
 z - 7 potions of attraction
 C - 2 potions of lignification
 T - a potion of cancellation {unknown}
Miscellaneous
 f - a phial of floods
 N - a phantom mirror


   Skills:
 - Level 10.0 Fighting
 - Level 2.0(5.5) Short Blades
 + Level 8.1(8.3) Long Blades
 - Level 5.0 Armour
 - Level 15.0 Dodging
 - Level 1.5 Stealth
 + Level 7.6 Shields
 + Level 14.6 Spellcasting
 + Level 7.4 Invocations
 - Level 5.1 Evocations


You knew the following spells:

 Your Spells              Type           Power      Damage    Failure   Level
a - Magic Dart            Conj           100%       1d8       1%          1
b - Searing Ray           Conj           100%       2d8       1%          2
c - Dazzling Flash        Conj/Hex       100%       N/A       1%          3
d - Fulminant Prism       Conj/Hex       39%        3d17      1%          4
e - Iskenderun's Mystic   Conj/Tloc      78%        2d16      1%          4
f - Summon Small Mammal   Summ           100%       N/A       1%          1
g - Scorch                Fire           100%       2d9       1%          2
h - Portal Projectile     Hex/Tloc       100%       N/A       1%          3
i - Ozocubu's Armour      Ice            78%        N/A       1%          3
j - Summon Ice Beast      Ice/Summ       78%        N/A       1%          4
k - Irradiate             Conj/Tmut      39%        3d24      1%          5
l - Conjure Ball Lightni  Conj/Air       39%        3x3d13    7%          6
m - Summon Hydra          Summ           39%        N/A       36%         7
Your spell library was empty.

Dungeon Overview and Level Annotations

Branches:
Dungeon (11/15)            Temple (1/1) D:6            Lair (5/5) D:11
  Swamp (2/4) Lair:3        Snake (3/4) Lair:3        Slime (0/5) Lair:4
    Orc: D:9-12

Altars:
Ashenzari
Cheibriados
Dithmenos
Elyvilon
Fedhas
Gozag
Hepliaklqana
Makhleb
Nemelex Xobeh
Okawaru
Qazlal
Ru
Trog
Uskayaw
Wu Jian
Xom
Yredelemnul
Zin
The Shining One
Jiyva

Shops:
D:7 (((   D:10 ([(==   D:11 *   Snake:3 :=:

Annotations:
D:8 2 transporters
D:9 exclusion: upstairs
D:11 3 runed translucent doors, Taurus's ghost, journeyman MiFi
Temple 2 transporters
Snake:3 5 transporters, 3 runed translucent doors, Luisaupt's ghost, adept DrHW


Innate Abilities, Weirdness & Mutations

You are immune to sickness and miasma.
You are immune to poison.
Your flesh is very heat resistant. (rF++)
You are vulnerable to cold. (rC-)
You float through the air rather than walking.
You learn spells naturally, not from books.
Your magical power is your life essence.
You have superior vitality. (+4 MHP)


Message History

You are too injured to fight recklessly!
Casting: Iskenderun's Mystic Blast (mildly dangerous; 1% risk of failure)
Press: ? - help, Q - select action, (/) - cycle Dir - look around, f - activate You erupt in a blast of force!
The mystic blast hits the goliath frog!
The goliath frog is severely wounded.
The goliath frog is knocked back by the mystic blast.
The goliath frog collides with the bog body!
You destroy the bog body!
Makhleb accepts your kill.
You feel better.
The goliath frog is severely wounded.
The mystic blast hits the eleionoma!!
The eleionoma is severely wounded.
The eleionoma is knocked back by the mystic blast.
The mystic blast hits the goliath frog!
The goliath frog is almost dead.
The goliath frog is knocked back by the mystic blast.
The goliath frog collides with the goliath frog!
The goliath frog is almost dead.
The goliath frog is almost dead.
The goliath frog hits your ice beast!!
Your ice beast is splashed with acid.
The acid corrodes your ice beast! The goliath frog hits you from afar!
* * * LOW HITPOINT WARNING * * *
The acid corrodes you!
You are splashed with acid.
You resist.
* * * LOW HITPOINT WARNING * * *
You feel much better. You block the goliath frog's attack.
Your ice beast hits the goliath frog.
Your ice beast freezes the goliath frog!!
The goliath frog dies!
Makhleb accepts your kill.
You have reached level 17!
The power to cast Summon Hydra wells up from within.
Spell assigned to 'm'.
As you read the scroll of teleportation, it crumbles to dust.
You feel strangely unstable.
The goliath frog closely misses your ice beast.
The goliath frog completely misses you.
The eleionoma hurls a spray of splinters at you.
The spray of wooden splinters hits you!!!
You die...

♣♣♣ ♣♣♣♣♣♣♣.♣ ♣♣.♣♣.~~.♣
♣♣.§~.~§~.♣ .~ ♣♣
♣♣♣R.†..~.))♣♣ ~~.
♣♣♣.♣♣♣.~~.~~♣.~)♣.♣
.~.♣♣♣....♣.§.>♣♣♣♣♣<♣~.♣♣♣
.~♣...~.~.♣@§♣♣♣ ♣♣♣♣~~.♣♣
...~~~~♣..F♣♣♣ ♣♣..~..♣
....~~~.♣Y♣♣ ♣~......
~~..~..♣.♣♣ ♣~..♣..~
.~.~..~F♣♣ ♣...♣♣^.♣
.~~.~....~.♣ ♣... ♣..~
.......~.~~..~♣ ♣..♣ ♣♣.~
~....~♣~.~.♣~♣♣ ♣... ♣.~
~...........♣♣ ♣.. .~~


You could see an eleionoma (misshapen), 2 goliath frogs and a friendly ice beast
(summoned, corroded).

Vanquished Creatures
  Nikola (Snake:3)
  Gastronok (D:10)
  Kirke (Snake:2)
  Donald (Swamp:1)
  Aizul (Snake:3)
  2 bunyips
  A salamander tyrant (Snake:3)
  A merfolk avatar (Lair:5)
  Erica (D:10)
  4 hydras
  2 catoblepae
  7 anacondas
  2 boulder beetles
  A two-headed ogre (D:9)
  3 death yaks (Lair:3)
  8 naga warriors
  5 shock serpents
  7 naga sharpshooters
  A skyshark (Lair:5)
  2 goliath frogs
  3 spriggan druids
  3 bog bodies
  2 naga ritualists
  A necromancer (Lair:5)
  4 mana vipers
  4 will-o-the-wisps
  2 manticores (Lair:5)
  11 salamanders
  3 guardian serpents
  7 elephants
  23 black mambas
  11 naga magi
  2 molten gargoyles (Lair:3)
  6 cane toads
  A kobold demonologist (D:10)
  Maggie (Lair:2)
  An unseen horror (D:9)
  4 rime drakes
  9 komodo dragons
  A troll (D:9)
  A bloated husk (Swamp:1)
  3 polar bears (Lair:5)
  4 tyrant leeches
  8 hornets
  A blink frog (shapeshifter) (D:10)
  11 blink frogs
  A centaur simulacrum (D:10)
  12 dream sheep (Lair:5)
  A vampire (D:10)
  28 yaks
  13 spriggans
  6 wraiths
  10 wyverns
  2 basilisks
  A hog (Snake:2)
  A steam dragon (D:10)
  6 vampire mosquitoes
  Menkaure (D:7)
  8 swamp worms
  An acid dragon (D:11)
  39 nagas
  5 water moccasins
  3 orc warriors
  4 black bears
  12 wolves
  An ogre (D:7)
  9 centaurs
  A phantom (D:5)
  A kobold brigand (D:10)
  6 bullfrogs
  A gnoll sergeant (D:8)
  3 scorpions
  10 wights
  4 killer bees (D:10)
  4 electric eels
  8 lava snakes (Lair:3)
  2 hounds (D:5)
  5 orc priests
  2 gnoll boudas
  Crazy Yiuf (D:4)
  4 iguanas
  10 orc wizards
  2 polar bear simulacra (Lair:5)
  4 yak simulacra (Lair:5)
  2 wolf simulacra (Lair:5)
  3 adders
  20 gnolls
  A white imp (D:7)
  2 ufetubi
  2 worms
  4 dart slugs
  36 orcs
  8 ball pythons
  8 endoplasms
  3 giant cockroaches
  4 goblins
  9 hobgoblins
  4 jackals (D:1)
  8 kobolds
  5 quokkas
  8 bats
  3 frilled lizards
  9 rats
  3 river rat simulacra (Lair:5)
553 creatures vanquished.

Vanquished Creatures (collateral kills)
  A bunyip (Swamp:2)
  A hydra (Swamp:1)
  A death yak (Lair:3)
  A naga warrior (Snake:3)
  A naga sharpshooter (Snake:3)
  A sea snake (Lair:5)
  A goliath frog (Swamp:2)
  An elephant (Lair:4)
  2 black mambas
  3 komodo dragons
  4 cane toads
  A hornet (Lair:5)
  4 blink frogs (Lair:5)
  A dream sheep (Lair:4)
  8 yaks
  A wraith (D:10)
  5 basilisks
  3 wyverns
  A redback (D:10)
  An acid dragon (D:11)
  A water moccasin (Lair:5)
  A swamp worm (Lair:3)
  A swamp drake (Swamp:1)
  An orc warrior (D:10)
  A wolf (Lair:5)
  2 centaurs (D:10)
  2 bullfrogs
  A scorpion (D:11)
  A howler monkey simulacrum (D:10)
  A ball python (D:3)
  6 ball lightnings
60 creatures vanquished.

Vanquished Creatures (others)
  A wizard (D:7)
  A cane toad (Lair:1)
  A human (Snake:2)
  A quokka (D:6)
  206 ball lightnings
  30 foxfires
  175 fulminant prisms
415 creatures vanquished.

Grand Total: 1028 creatures vanquished

Notes
Turn   | Place    | Note
-------+----------+-------------------------------------------
     0 | D:1      | diecastcamel the Djinni Conjurer began the quest for the
                  | Orb.
     0 | D:1      | diecastcamel set off with the following spells memorised:
                  | Magic Dart, Searing Ray, Dazzling Flash, Fulminant Prism,
                  | Iskenderun's Mystic Blast.
     0 | D:1      | Reached XP level 1. HP: 15/15 MP: 0/0
   163 | D:1      | Found a faded altar of an unknown god.
   169 | D:1      | Reached XP level 2. HP: 16/22 MP: 0/0
   283 | D:1      | Reached skill level 1 in Fighting
   456 | D:1      | Reached XP level 3. HP: 25/27 MP: 0/0
   456 | D:1      | Learned a level 1 spell: Summon Small Mammal
  1188 | D:2      | Reached XP level 4. HP: 26/33 MP: 0/0
  1489 | D:2      | Reached XP level 5. HP: 31/38 MP: 0/0
  1489 | D:2      | Learned a level 2 spell: Scorch
  2100 | D:3      | Reached XP level 6. HP: 43/45 MP: 0/0
  2890 | D:4      | Reached skill level 5 in Spellcasting
  3275 | D:4      | Found a runed translucent door.
  3276 | D:4      | Noticed Crazy Yiuf
  3433 | D:4      | Killed Crazy Yiuf
  3434 | D:4      | Reached XP level 7. HP: 47/50 MP: 0/0
  3434 | D:4      | Learned a level 3 spell: Portal Projectile
  3503 | D:5      | Entered Level 5 of the Dungeon
  4529 | D:6      | Found a staircase to the Ecumenical Temple.
  4537 | Temple   | Entered the Ecumenical Temple
  4537 | Temple   | Found a transporter.
  4537 | Temple   | Found a transporter.
  4539 | Temple   | Found a transporter.
  4539 | Temple   | Found a transporter.
  4559 | Temple   | Became a worshipper of Makhleb the Destroyer
  4587 | D:6      | Found a white marble altar of Elyvilon.
  4889 | D:6      | Reached XP level 8. HP: 47/58 MP: 0/0
  5190 | D:6      | Identified the +2 shortbow of Keiv {flame, Will+ Str+6
                  | Int-2 Dex+3}
  5326 | D:6      | Found the +5 Force Lance {heavy, knockback}
  5575 | D:7      | Reached skill level 5 in Fighting
  5575 | D:7      | Reached skill level 3 in Dodging
  5644 | D:7      | Found a hide-covered altar of Uskayaw.
  5651 | D:7      | Found a sacrificial altar of Ru.
  5767 | D:7      | Found Hixuto's Weapon Shop.
  6028 | D:7      | Noticed Menkaure
  6034 | D:7      | Killed Menkaure
  6035 | D:7      | Reached skill level 4 in Dodging
  6110 | D:7      | Reached XP level 9. HP: 57/65 MP: 0/0
  6110 | D:7      | Learned a level 3 spell: Ozocubu's Armour
  6200 | D:7      | Found Wuntetto's Weapon Shop.
  6208 | D:7      | Bought a +2 short sword of electrocution for 253 gold
                  | pieces
  6213 | D:7      | Found a bloodstained altar of Trog.
  6217 | D:7      | Noticed a wizard
  6223 | D:7      | Killed a wizard
  6282 | D:7      | Found Kuywew's Antique Weapon Shoppe.
  6607 | D:8      | Reached skill level 1 in Evocations
  6611 | D:8      | Reached skill level 1 in Short Blades
  6920 | D:8      | Reached * piety under Makhleb
  7300 | D:8      | Reached skill level 5 in Dodging
  7732 | D:8      | Reached XP level 10. HP: 57/70 MP: 0/0
  7882 | D:8      | Found a transporter.
  7914 | D:8      | Found a transporter.
  8206 | D:9      | Noticed a two-headed ogre
  8475 | D:9      | Reached skill level 1 in Long Blades
  8475 | D:9      | Reached skill level 6 in Dodging
  8612 | D:9      | Killed a two-headed ogre
  8886 | D:9      | Killed an unseen horror
  8887 | D:9      | Reached skill level 7 in Dodging
  9326 | D:9      | Reached skill level 1 in Armour
  9411 | D:10     | Entered Level 10 of the Dungeon
  9427 | D:10     | Noticed Gastronok
  9438 | D:10     | Killed Gastronok
  9439 | D:10     | Reached XP level 11. HP: 48/76 MP: 0/0
  9439 | D:10     | Learned a level 4 spell: Summon Ice Beast
  9517 | D:10     | Reached ** piety under Makhleb
  9584 | D:10     | Reached skill level 5 in Long Blades
  9630 | D:10     | Noticed Erica
  9668 | D:10     | Killed Erica
  9730 | D:10     | Reached skill level 10 in Spellcasting
  9826 | D:10     | Reached skill level 5 in Armour
  9953 | D:10     | Found a shadowy altar of Dithmenos.
  9953 | D:10     | Found a blossoming altar of Fedhas.
  9953 | D:10     | Found an ornate altar of the Wu Jian Council.
 10219 | D:10     | Found Jenulomp's Antique Weapon Boutique.
 10219 | D:10     | Found Leacw's Antique Weapon Emporium.
 10221 | D:10     | Found Jagypeif's Jewellery Shoppe.
 10223 | D:10     | Found Der Tamm's Jewellery Emporium.
 10223 | D:10     | Found Byxie's Armour Boutique.
 10244 | D:10     | Bought a +0 buckler for 72 gold pieces
 10304 | D:10     | Reached skill level 1 in Shields
 10581 | D:10     | Bought a +1 helmet for 184 gold pieces
 10701 | D:11     | Found a runed translucent gate.
 10702 | D:11     | Found a runed translucent gate.
 10704 | D:11     | Found a runed translucent gate.
 10711 | D:11     | Noticed a cyclops
 10711 | D:11     | Noticed a minotaur
 10712 | D:11     | Noticed Taurus's ghost (journeyman MiFi)
 10725 | D:11     | Found a staircase to the Lair.
 10753 | D:11     | Reached XP level 12. HP: 78/83 MP: 0/0
 10792 | D:11     | Reached *** piety under Makhleb
 11386 | D:11     | Found Geerao's General Store.
 11393 | D:11     | Bought a scroll of teleportation for 42 gold pieces
 11616 | Lair:1   | Entered Level 1 of the Lair of Beasts
 11749 | Lair:1   | You are sucked into a shaft and drop 1 floor!
 12018 | Lair:1   | Noticed a catoblepas
 12134 | Lair:1   | Reached skill level 5 in Evocations
 12210 | Lair:1   | Reached **** piety under Makhleb
 12339 | Lair:1   | Reached skill level 8 in Dodging
 12357 | Lair:1   | Killed a catoblepas
 12358 | Lair:1   | Reached skill level 1 in Invocations
 12358 | Lair:1   | Reached XP level 13. HP: 84/92 MP: 0/0
 12358 | Lair:1   | Learned a level 5 spell: Irradiate
 13303 | Lair:2   | Noticed Maggie
 13315 | Lair:2   | Killed Maggie
 13582 | Lair:3   | Found a glowing golden altar of the Shining One.
 14096 | Lair:3   | Found a staircase to the Snake Pit.
 14215 | Lair:3   | Reached skill level 9 in Dodging
 14300 | Lair:3   | Noticed an eight-headed hydra
 14351 | Lair:3   | Killed an eight-headed hydra
 14440 | Lair:3   | Noticed a four-headed hydra
 14452 | Lair:3   | Killed a three-headed hydra
 14475 | Lair:3   | Reached ***** piety under Makhleb
 14586 | Lair:3   | Found a staircase to the Swamp.
 15103 | Lair:4   | Found a staircase to the Slime Pits.
 15103 | Lair:4   | Found a viscous altar of Jiyva.
 15208 | Lair:4   | Reached skill level 10 in Dodging
 15887 | Lair:5   | Entered Level 5 of the Lair of Beasts
 15903 | Lair:5   | Reached XP level 14. HP: 98/98 MP: 0/0
 16274 | Lair:5   | Reached skill level 11 in Dodging
 16565 | Lair:5   | Reached skill level 12 in Dodging
 17128 | Lair:5   | Identified the +0 trident "Cekhiah" {drain, rF+}
 17844 | Snake:1  | Entered Level 1 of the Snake Pit
 17968 | Snake:1  | Reached XP level 15. HP: 64/105 MP: 0/0
 17968 | Snake:1  | Learned a level 6 spell: Conjure Ball Lightning
 18207 | Snake:1  | Reached skill level 13 in Dodging
 18509 | D:10     | Bought the ring "Hudwakhaf" {Fly rElec rF+} for 423 gold
                  | pieces
 18717 | Snake:1  | Reached ****** piety under Makhleb
 18718 | Snake:1  | Reached skill level 10 in Fighting
 19501 | Snake:2  | Reached skill level 14 in Dodging
 20145 | Snake:2  | Noticed Kirke
 20149 | Snake:2  | Killed Kirke
 20275 | Snake:2  | Reached XP level 16. HP: 95/113 MP: 0/0
 20279 | Snake:2  | Reached skill level 5 in Shields
 20691 | Snake:3  | Found a hide-covered altar of Uskayaw.
 20704 | Snake:3  | Noticed Aizul
 20707 | Snake:3  | Killed Aizul
 20708 | Snake:3  | Reached skill level 5 in Invocations
 20874 | Snake:3  | Identified the +1 mace "Hydrabane" {flame, Str-3 Int+3
                  | Dex+3}
 20924 | Snake:3  | Found a transporter.
 20926 | Snake:3  | Noticed Nikola
 20950 | Snake:3  | Killed Nikola
 21291 | Snake:3  | HP: 5/113 [spore (6)]
 21568 | Snake:3  | Found a transporter.
 21577 | Snake:3  | Found a runed translucent gate.
 21589 | Snake:3  | Found a runed translucent gate.
 21589 | Snake:3  | Found a runed translucent gate.
 21590 | Snake:3  | Noticed Luisaupt's ghost (adept DrHW)
 21628 | Snake:3  | Found Yzxeuthi's Book Shop.
 21631 | Snake:3  | Found Zypom's Jewellery Emporium.
 21632 | Snake:3  | Found Gurchubea's Book Shop.
 21686 | Snake:3  | Found a transporter.
 21687 | Snake:3  | Found a transporter.
 21701 | Snake:3  | Found a transporter.
 21988 | Swamp:1  | Entered Level 1 of the Swamp
 22002 | Swamp:1  | Reached skill level 15 in Dodging
 22912 | Swamp:1  | Noticed Donald
 22920 | Swamp:1  | Killed Donald
 23982 | Swamp:2  | Reached XP level 17. HP: 38/119 MP: 0/0
 23982 | Swamp:2  | Learned a level 7 spell: Summon Hydra
 23982 | Swamp:2  | Killed from afar by an eleionoma

Illustrated notes

Levels and vault maps discovered:
D:1:      lemuel_arrival_lava_pool, layout_loops_cross,
          hellmonk_ecumenical_altar_arch_garden, hex_large, chequers_avenue,
          serial_bayou_crossing
D:2:      layout_rooms, minivault_23, st_stairs_8
D:3:      layout_loops_ring, serial_bayou_pond_a
D:4:      layout_rooms, uniq_crazy_yiuf_cottage
D:5:      layout_basic
D:6:      layout_basic, elyvilon_altar_4, minmay_temple_entry_sparse_star
D:7:      layout_loops_cross, trog_wizard, minitemple, serial_shops,
          nicolae_shop_overgrown_old_shop, shop, shop,
          chequers_serial_rivers_micro_d, minivault_26, minivault_4,
          uniq_menkaure
D:8:      gammafunk_cloud_chamber, layout_cave_pools, minivault_14,
          minivault_22, st_stairs_9
D:9:      layout_long_grid
D:10:     nzn_winding_woodlands_medium [nzn_winding_woodlands_5x5_checkerboard,
          nzn_winding_woodlands_5x15_longhouse,
          nzn_winding_woodlands_5x5_perimeter,
          nzn_winding_woodlands_5x5_closed_star,
          nzn_winding_woodlands_center_triple_pond,
          nzn_winding_woodlands_5x5_three, nzn_winding_woodlands_hourglass,
          nzn_winding_woodlands_5x15_garden, nzn_winding_woodlands_5x5_cross],
          layout_irregular_city, gammafunk_temple_overflow_forgotten,
          nicolae_wooded_promenade, uniq_gastronok, uniq_erica
D:11:     layout_basic, minmay_lair_entry_grove, serial_shops,
          nicolae_shop_rolling_square, maelrawn_ghost_gauntlet_escape
Temple:   hellmonk_temple_divided_pantheon
Lair:1:   layout_big_grid, uniq_amaemon
Lair:2:   layout_cave_pods, uniq_maggie
Lair:3:   cheibrodos_magma_flow, layout_small_grid, palyth_hydra_swamp_entry,
          nicolae_snake_entry_warm_welcome, basic_altar
Lair:4:   wad_woods_tower, layout_regular_city, slime_entry_1
Lair:5:   gammafunk_lair_ancient_temple, layout_regular_city,
          eino_house_with_fridge
Swamp:1:  layout_basic_swamp, hangedman_swamp_cone, uniq_donald
Swamp:2:  layout_falls_marsh, evilmike_swamp_ruin_house_1
Snake:1:  layout_basic, grunt_megastairs_4
Snake:2:  layout_grid_maze, special_room, uniq_kirke
Snake:3:  gammafunk_the_bubble [the_bubble_gammafunk_roulette], layout_onion,
          basic_altar, gammafunk_ghost_necromancy, minmay_shop_grove,
          uniq_aizul, uniq_nikola

Skill      XL: |  1  2  3  4  5  6  7  8  9 10 11 12 13 14 15 16 |
---------------+-------------------------------------------------+-----
Fighting       | 1 2 3 4 5 6 8 9 10 | 10.0
Spellcasting   | 4 5 6 7 8 9 10 11 12 13 14 | 14.6
Dodging        | 4 5 7 8 10 12 14 15 | 15.0
Evocations     | 3 4 5 |  5.1
Short Blades   | 2 |  2.0
Long Blades    | 4 5 7 8 |  8.1
Armour         | 3 5 |  5.0
Shields        | 2 4 7 |  7.6
Invocations    | 1 4 7 |  7.4
Stealth        | |  1.5

Action                     |  1- 3 |  4- 6 |  7- 9 | 10-12 | 13-15 | 16-18 || total
---------------------------+-------+-------+-------+-------+-------+-------++-------
  Melee: Short sword       |       |     1 |     5 |       |       |       ||     6
         Scimitar          |       |       |       |   104 |   300 |    53 ||   457
         Double sword      |       |       |       |       |       |    26 ||    26
         Rapier            |       |       |       |       |       |     2 ||     2
  Throw: Dart              |       |       |     3 |       |       |       ||     3
   Cast: Magic Dart        |    58 |    79 |    46 |    51 |    74 |     8 ||   316
         Searing Ray       |    13 |    18 |    23 |    19 |    24 |     8 ||   105
         Summon Small Mamm |     1 |     5 |     4 |     3 |     1 |       ||    14
         Scorch            |       |     7 |     6 |    83 |    97 |    20 ||   213
         Fulminant Prism   |       |       |    45 |    49 |    64 |    17 ||   175
         Iskenderun's Myst |       |       |    14 |    11 |    73 |    32 ||   130
         Ozocubu's Armour  |       |       |     5 |    17 |    19 |    10 ||    51
         Portal Projectile |       |       |     1 |     3 |     5 |     1 ||    10
         Summon Ice Beast  |       |       |       |    32 |    50 |    17 ||    99
         Irradiate         |       |       |       |       |     8 |     6 ||    14
         Conjure Ball Ligh |       |       |       |       |    48 |    51 ||    99
  Evoke: Wand              |       |       |       |    12 |       |     1 ||    13
         Phial of floods   |       |       |       |     1 |     1 |       ||     2
    Use: Scroll            |     1 |     5 |     4 |     6 |    11 |     4 ||    31
         Potion            |       |       |     1 |       |     1 |    10 ||    12
   Stab: Distracted        |       |       |       |     1 |     2 |     1 ||     4
 Armour: Robe              |       |       |     3 |     1 |       |       ||     4
         Troll leather arm |       |       |       |    35 |    79 |    15 ||   129
         Skin              |       |       |       |       |     9 |    13 ||    22
         Acid dragon scale |       |       |       |       |       |     7 ||     7
  Dodge: Dodged            |     4 |     6 |    38 |   152 |   230 |    67 ||   497
  Block: Buckler           |       |       |       |     9 |   147 |    34 ||   190
         Reflection        |       |       |       |       |     7 |     4 ||    11
         Kite shield       |       |       |       |       |       |    22 ||    22
